| TOP OF THE 1ST |
|
Eugene Emeralds batting - Pitching for Batavia Muckdogs : LHP Chris Vulcano
|
|
Pitching: LHP Chris Vulcano
|
|
|
Batting: RHB Mario Garcia
|
0-0: Ball 1-0: Foul Ball, location: 2F 1-1: Swinging Strike 1-2: Ball 2-2: Strikes out looking
|
|
Batting: SHB Alan Batha
|
0-0: Ball 1-0: Ball 2-0: Called Strike 2-1: Ball 3-1: Base on Balls
|
|
Batting: RHB Justin Huff
|
0-0: Ball 1-0: Called Strike 1-1: Ball 2-1: Ball 3-1: Fly out, F4 (Popup, 34, EV 55.6 MPH)
|
|
Batting: RHB Tokaji Sakamoto
|
0-0: Called Strike 0-1: Ball 1-1: Ball 2-1: Foul Ball, location: 2F 2-2: Foul Ball, location: 2F 2-2: SINGLE (Groundball, 56S, EV 68.1 MPH) (infield hit) Alan Batha to second
|
|
Batting: RHB Jonathan Gallup
|
0-0: Ball 1-0: Foul Ball, location: 2F 1-1: Foul Ball, location: 2F 1-2: Foul Ball, location: 2F 1-2: Foul Ball, location: 2F 1-2: Strikes out swinging
|
| Top of the 1st over - 0 runs, 1 hit, 0 errors, 2 left on base; Eugene 0 - Batavia 0 |
| BOTTOM OF THE 1ST |
|
Batavia Muckdogs batting - Pitching for Eugene Emeralds : LHP Attilio Gozzoli
|
|
Pitching: LHP Attilio Gozzoli
|
|
|
Batting: RHB Al Murray
|
0-0: Ball 1-0: Called Strike 1-1: SINGLE (Groundball, 34D, EV 105.0 MPH)
|
|
Batting: RHB Ke-yong Jung
|
0-0: Ball 1-0: Called Strike 1-1: Ball 2-1: Ball 3-1: Base on Balls Al Murray to second
|
|
Batting: RHB Garrett Larsen
|
0-0: Ball 1-0: Swinging Strike 1-1: Foul Ball, location: 2F 1-2: Foul Ball, location: 2F 1-2: Strikes out swinging
|
|
Batting: SHB Bill Burd
|
0-0: Called Strike 0-1: Grounds into double play, 4-6-3 (Groundball, 4S, EV 88.8 MPH)
|
| Bottom of the 1st over - 0 runs, 1 hit, 0 errors, 1 left on base; Eugene 0 - Batavia 0 |
| TOP OF THE 2ND |
|
Eugene Emeralds batting - Pitching for Batavia Muckdogs : LHP Chris Vulcano
|
|
Batting: RHB Pedro Arenas
|
0-0: Called Strike 0-1: Ball 1-1: SINGLE (Groundball, 4MD, EV 103.1 MPH)
|
|
Batting: RHB Ed Delgado
|
0-0: SINGLE (Line Drive, 9LS, EV 90.6 MPH) Pedro Arenas to second
|
|
Batting: RHB Blake Kelly
|
0-0: Called Strike 0-1: Called Strike 0-2: Foul Ball, location: 2F 0-2: Ball 1-2: Fly out, F8 (Flyball, 78D, EV 95.0 MPH) Runner from 2nd tags up, SAFE at 3rd with throw by CF
|
|
Batting: LHB Attilio Gozzoli
|
0-0: Bunted foul 0-1: SINGLE (Line Drive, 4D, EV 95.6 MPH) Pedro Arenas scores Ed Delgado to second Runner from 2nd tries for 3rd, SAFE, throw by CF made to third
|
|
Batting: RHB Mario Garcia
|
0-0: Swinging Strike 0-1: Ball 1-1: Fielders Choice at 2nd, 3-6 (Groundball, 34S, EV 89.4 MPH) Ed Delgado scores
|
|
Batting: SHB Alan Batha
|
0-0: Ball 1-0: Ball 2-0: SINGLE (Groundball, P, EV 90.6 MPH) (infield hit) Mario Garcia to second
|
|
Batting: RHB Justin Huff
|
0-0: Called Strike 0-1: Swinging Strike 0-2: Ball 1-2: Strikes out looking
|
| Top of the 2nd over - 2 runs, 4 hits, 0 errors, 2 left on base; Eugene 2 - Batavia 0 |
| BOTTOM OF THE 2ND |
|
Batavia Muckdogs batting - Pitching for Eugene Emeralds : LHP Attilio Gozzoli
|
|
Batting: RHB Randy Ringel
|
0-0: Ground out 4-3 (Groundball, 13, EV 85.6 MPH)
|
|
Batting: RHB Jamal Valentine
|
0-0: Ball 1-0: Fly out, F8 (Flyball, 8RS, EV 96.9 MPH)
|
|
Batting: RHB Nick Kennemer
|
0-0: Ball 1-0: Ball 2-0: Called Strike 2-1: Foul Ball, location: 2F 2-2: Strikes out swinging
|
| Bottom of the 2nd over - 0 runs, 0 hits, 0 errors, 0 left on base; Eugene 2 - Batavia 0 |
| TOP OF THE 3RD |
|
Eugene Emeralds batting - Pitching for Batavia Muckdogs : LHP Chris Vulcano
|
|
Batting: RHB Tokaji Sakamoto
|
0-0: Called Strike 0-1: Swinging Strike 0-2: Ball 1-2: Foul Ball, location: 2F 1-2: Fly out, F7 (Line Drive, 7, EV 87.5 MPH)
|
|
Batting: RHB Jonathan Gallup
|
0-0: Ball 1-0: Called Strike 1-1: Foul Ball, location: 2F 1-2: Ground out 5-3 (Groundball, 56S, EV 73.8 MPH)
|
|
Batting: RHB Pedro Arenas
|
0-0: Foul Ball, location: 2F 0-1: Ball 1-1: Ball 2-1: Swinging Strike 2-2: Ball 3-2: Foul Ball, location: 2F 3-2: Fly out, F9 (Line Drive, 9, EV 90.0 MPH)
|
| Top of the 3rd over - 0 runs, 0 hits, 0 errors, 0 left on base; Eugene 2 - Batavia 0 |
| BOTTOM OF THE 3RD |
|
Batavia Muckdogs batting - Pitching for Eugene Emeralds : LHP Attilio Gozzoli
|
|
Batting: RHB Nick Marquez
|
0-0: Called Strike 0-1: Called Strike 0-2: Ball 1-2: Ground out 6-3 (Groundball, 6, EV 85.0 MPH)
|
|
Batting: RHB Chris Vulcano
|
0-0: Called Strike 0-1: Ball 1-1: Called Strike 1-2: Strikes out swinging
|
|
Batting: RHB Al Murray
|
0-0: Ball 1-0: Hit by Pitch
|
|
Batting: RHB Ke-yong Jung
|
0-0: TRIPLE (Line Drive, 78XD, EV 102.5 MPH) Al Murray scores
|
|
Batting: RHB Garrett Larsen
|
0-0: Fly out, F4 (Popup, 4, EV 50.6 MPH)
|
| Bottom of the 3rd over - 1 run, 1 hit, 0 errors, 1 left on base; Eugene 2 - Batavia 1 |
| TOP OF THE 4TH |
|
Eugene Emeralds batting - Pitching for Batavia Muckdogs : LHP Chris Vulcano
|
|
Batting: RHB Ed Delgado
|
0-0: Ball 1-0: Called Strike 1-1: Ball 2-1: Called Strike 2-2: SINGLE (Groundball, 6D, EV 106.9 MPH)
|
|
Batting: RHB Blake Kelly
|
0-0: Called Strike 0-1: Called Strike 0-2: Strikes out swinging
|
|
Batting: LHB Attilio Gozzoli
|
0-0: Sac Bunt to 23 - play at second, runner OUT! 3-6
|
|
Batting: RHB Mario Garcia
|
0-0: Fly out, F8 (Flyball, 78D, EV 95.6 MPH)
|
| Top of the 4th over - 0 runs, 1 hit, 0 errors, 1 left on base; Eugene 2 - Batavia 1 |
| BOTTOM OF THE 4TH |
|
Batavia Muckdogs batting - Pitching for Eugene Emeralds : LHP Attilio Gozzoli
|
|
Batting: SHB Bill Burd
|
0-0: SINGLE (Groundball, 6S, EV 67.5 MPH) (infield hit)
|
|
Batting: RHB Randy Ringel
|
0-0: Grounds into double play, 6-4-3 (Groundball, 56D, EV 100.0 MPH)
|
|
Batting: RHB Jamal Valentine
|
0-0: Called Strike 0-1: Swinging Strike 0-2: Ground out 5-3 (Groundball, 56S, EV 75.0 MPH)
|
| Bottom of the 4th over - 0 runs, 1 hit, 0 errors, 0 left on base; Eugene 2 - Batavia 1 |
| TOP OF THE 5TH |
|
Eugene Emeralds batting - Pitching for Batavia Muckdogs : LHP Chris Vulcano
|
|
Batting: SHB Alan Batha
|
0-0: Ball 1-0: Called Strike 1-1: Foul Ball, location: 2F 1-2: Ball 2-2: Strikes out swinging, 2-3 out at first.
|
|
Batting: RHB Justin Huff
|
0-0: Ground out 1-3 (Groundball, 15, EV 64.4 MPH)
|
|
Batting: RHB Tokaji Sakamoto
|
0-0: Called Strike 0-1: DOUBLE (Line Drive, 7LD, EV 105.0 MPH)
|
|
Batting: RHB Jonathan Gallup
|
0-0: Intentional Walk
|
|
Batting: RHB Pedro Arenas
|
0-0: Ball 1-0: Foul Ball, location: 2F 1-1: Swinging Strike 1-2: Foul Ball, location: 2F 1-2: Foul Ball, location: 2F 1-2: Ball 2-2: Hit by Pitch Tokaji Sakamoto to third Jonathan Gallup to second
|
|
Batting: RHB Ed Delgado
|
0-0: Foul Ball, location: 2F 0-1: DOUBLE (Flyball, 89D, EV 87.5 MPH) Tokaji Sakamoto scores Jonathan Gallup scores Pedro Arenas to third
|
|
Batting: RHB Blake Kelly
|
0-0: Intentional Walk
|
|
Batting: LHB Attilio Gozzoli
|
0-0: DOUBLE (Line Drive, 7LM, EV 107.5 MPH) Pedro Arenas scores Ed Delgado scores Blake Kelly to third
|
|
Pitching: RHP Ted Payne
|
|
|
Batting: RHB Mario Garcia
|
0-0: Ball Wild Pitch! Blake Kelly scores Attilio Gozzoli to third 1-0: Ground out 5-3 (Groundball, 56S, EV 88.8 MPH)
|
| Top of the 5th over - 5 runs, 3 hits, 0 errors, 1 left on base; Eugene 7 - Batavia 1 |
| BOTTOM OF THE 5TH |
|
Batavia Muckdogs batting - Pitching for Eugene Emeralds : LHP Attilio Gozzoli
|
|
Batting: RHB Nick Kennemer
|
0-0: Ball 1-0: Ball 2-0: Ball 3-0: Base on Balls
|
|
Batting: RHB Nick Marquez
|
0-0: Ball 1-0: Ball Passed Ball! Nick Kennemer to second 2-0: Called Strike 2-1: Fly out, F8 (Flyball, 8RD, EV 73.8 MPH)
|
|
Batting: RHB Ted Payne
|
0-0: Fly out, F7 (Flyball, 78D, EV 89.4 MPH) Runner from 2nd tags up, OUT at 3rd! 7-5
|
| Bottom of the 5th over - 0 runs, 0 hits, 0 errors, 0 left on base; Eugene 7 - Batavia 1 |
| TOP OF THE 6TH |
|
Eugene Emeralds batting - Pitching for Batavia Muckdogs : RHP Ted Payne
|
|
Batting: SHB Alan Batha
|
0-0: Foul Ball, location: 2F 0-1: Foul Ball, location: 2F 0-2: Ball 1-2: Ball 2-2: Foul Ball, location: 2F 2-2: Foul Ball, location: 2F 2-2: Ball 3-2: Ground out 6-3 (Groundball, 4M, EV 91.9 MPH)
|
|
Batting: RHB Justin Huff
|
0-0: Ground out 4-3 (Groundball, 4MS, EV 85.6 MPH)
|
|
Batting: RHB Tokaji Sakamoto
|
0-0: Ball 1-0: Ground out 1-3 (Groundball, P, EV 68.8 MPH)
|
| Top of the 6th over - 0 runs, 0 hits, 0 errors, 0 left on base; Eugene 7 - Batavia 1 |
| BOTTOM OF THE 6TH |
|
Batavia Muckdogs batting - Pitching for Eugene Emeralds : LHP Attilio Gozzoli
|
|
Batting: RHB Al Murray
|
0-0: Ball 1-0: Ball 2-0: Called Strike 2-1: Ball 3-1: Base on Balls
|
|
Batting: RHB Ke-yong Jung
|
0-0: Ball Al Murray steals 2nd base 1-0: Ball 2-0: Called Strike 2-1: Foul Ball, location: 2F 2-2: Strikes out swinging
|
|
Batting: RHB Garrett Larsen
|
0-0: Ball Al Murray steals 3rd base (no throw) 1-0: Called Strike 1-1: SINGLE (Groundball, 56D, EV 98.8 MPH) Al Murray scores
|
|
Batting: SHB Bill Burd
|
0-0: Foul Ball, location: 2F 0-1: Foul Ball, location: 2F 0-2: Fly out, F5 (Popup, 5S, EV 78.8 MPH)
|
|
Batting: RHB Randy Ringel
|
0-0: Foul Ball, location: 2F 0-1: Called Strike 0-2: Fly out, F8 (Line Drive, 8LD, EV 94.4 MPH)
|
| Bottom of the 6th over - 1 run, 1 hit, 0 errors, 1 left on base; Eugene 7 - Batavia 2 |
| TOP OF THE 7TH |
|
Eugene Emeralds batting - Pitching for Batavia Muckdogs : RHP Ted Payne
|
|
Batting: RHB Jonathan Gallup
|
0-0: Foul Ball, location: 2F 0-1: Ball 1-1: Ground out 6-3 (Groundball, 6, EV 82.5 MPH)
|
|
Batting: RHB Pedro Arenas
|
0-0: Foul Ball, location: 2F 0-1: Called Strike 0-2: Foul Ball, location: 2F 0-2: Ball 1-2: Fly out, F7 (Line Drive, 7, EV 100.0 MPH)
|
|
Pitching: RHP Chia-kang Chuko
|
|
|
Batting: RHB Ed Delgado
|
0-0: Foul Ball, location: 2F 0-1: Ball 1-1: Ball 2-1: SINGLE (Line Drive, 6M, EV 106.3 MPH)
|
|
Batting: RHB Blake Kelly
|
0-0: Called Strike 0-1: Ground out 4-3 (Groundball, 4S, EV 67.5 MPH)
|
| Top of the 7th over - 0 runs, 1 hit, 0 errors, 1 left on base; Eugene 7 - Batavia 2 |
| BOTTOM OF THE 7TH |
|
Batavia Muckdogs batting - Pitching for Eugene Emeralds : LHP Attilio Gozzoli
|
|
Batting: RHB Jamal Valentine
|
0-0: Ball 1-0: Called Strike 1-1: Ground out 1-3 (Groundball, 13S, EV 65.0 MPH)
|
|
Batting: RHB Nick Kennemer
|
0-0: Called Strike 0-1: Foul Ball, location: 2F 0-2: Ball 1-2: Ball 2-2: Foul Ball, location: 2F 2-2: Foul Ball, location: 2F 2-2: Foul Ball, location: 2F 2-2: Foul Ball, location: 2F 2-2: Strikes out swinging
|
|
Batting: RHB Nick Marquez
|
0-0: Foul Ball, location: 2F 0-1: Called Strike 0-2: Ball 1-2: DOUBLE (Line Drive, 9LM, EV 105.6 MPH)
|
|
Pinch Hitting: RHB Joe Rodrigues
|
0-0: Ball 1-0: Swinging Strike 1-1: Foul Ball, location: 2F 1-2: Ball Passed Ball! Nick Marquez to third 2-2: Ball 3-2: Foul Ball, location: 2F 3-2: SINGLE (Groundball, 5D, EV 101.3 MPH) Nick Marquez scores
|
|
Batting: RHB Al Murray
|
0-0: Called Strike 0-1: Ball 1-1: Ground out 4-3 (Groundball, 4, EV 107.5 MPH)
|
| Bottom of the 7th over - 1 run, 2 hits, 0 errors, 1 left on base; Eugene 7 - Batavia 3 |
| TOP OF THE 8TH |
|
Eugene Emeralds batting - Pitching for Batavia Muckdogs : RHP Chia-kang Chuko
|
|
Pitching: RHP Yoshiro Tagawa
|
|
|
Pinch Hitting: RHB Alejandro Herrera
|
0-0: Ball 1-0: Called Strike 1-1: Ground out 3-1 (Groundball, 34S, EV 83.8 MPH)
|
|
Batting: RHB Mario Garcia
|
0-0: Ball 1-0: Foul Ball, location: 2F 1-1: Called Strike 1-2: Ball 2-2: Ball 3-2: Base on Balls
|
|
Batting: SHB Alan Batha
|
0-0: Called Strike 0-1: Foul Ball, location: 2F 0-2: Strikes out swinging
|
|
Batting: RHB Justin Huff
|
0-0: Called Strike Mario Garcia steals 2nd base 0-1: Ball 1-1: Intentional Walk
|
|
Batting: RHB Tokaji Sakamoto
|
0-0: Foul Ball, location: 2F 0-1: Foul Ball, location: 2F 0-2: DOUBLE (Groundball, 5L, EV 108.1 MPH) Mario Garcia scores Justin Huff to third
|
|
Pitching: RHP Sergio Perez
|
|
|
Batting: RHB Jonathan Gallup
|
0-0: Ball 1-0: Ball 2-0: Called Strike 2-1: Swinging Strike 2-2: Ball 3-2: Foul Ball, location: 2F 3-2: Foul Ball, location: 2F 3-2: Base on Balls
|
|
Batting: RHB Pedro Arenas
|
0-0: Called Strike 0-1: Ball 1-1: SINGLE (Groundball, 6MD, EV 113.1 MPH) Justin Huff scores Tokaji Sakamoto to third Jonathan Gallup to second Runner from 3rd tries for Home, SAFE, throw by CF to home
|
|
Pinch Hitting: SHB Dave Farrow
|
0-0: Ball 1-0: Fly out, F8 (Line Drive, 8RD, EV 101.3 MPH)
|
| Top of the 8th over - 3 runs, 2 hits, 0 errors, 2 left on base; Eugene 10 - Batavia 3 |
| BOTTOM OF THE 8TH |
|
Batavia Muckdogs batting - Pitching for Eugene Emeralds : LHP Attilio Gozzoli
|
|
Pitching: RHP Carlos Quintero
|
|
|
Now at 3B: Dave Farrow
|
|
|
Batting: RHB Ke-yong Jung
|
0-0: Swinging Strike 0-1: Foul Ball, location: 2F 0-2: Ground out 5-3 (Groundball, 5L, EV 83.1 MPH)
|
|
Batting: RHB Garrett Larsen
|
0-0: Fly out, F7 (Flyball, 7S, EV 90.0 MPH)
|
|
Batting: SHB Bill Burd
|
0-0: Ground out 4-3 (Groundball, 4M, EV 82.5 MPH)
|
| Bottom of the 8th over - 0 runs, 0 hits, 0 errors, 0 left on base; Eugene 10 - Batavia 3 |
| TOP OF THE 9TH |
|
Eugene Emeralds batting - Pitching for Batavia Muckdogs : RHP Sergio Perez
|
|
Batting: RHB Blake Kelly
|
0-0: Called Strike 0-1: SINGLE (Groundball, 34S, EV 73.8 MPH) (infield hit)
|
|
Pinch Hitting: RHB Justin Norton
|
0-0: Ball 1-0: Ball 2-0: Ball 3-0: Base on Balls Blake Kelly to second
|
|
Pitching: LHP Matt Welch
|
|
|
Pinch Hitting: RHB Dave Dowling
|
0-0: Ball 1-0: Called Strike 1-1: Called Strike 1-2: Fielders Choice at 2nd, 6-4 (Groundball, 6, EV 86.3 MPH) Blake Kelly to third
|
|
Pinch Hitting: LHB Asmo Rantanen
|
0-0: Ball 1-0: Fielders Choice at 2nd, 6-4 (Groundball, 6, EV 87.5 MPH) Blake Kelly scores
|
|
Pinch Hitting: RHB Carlos Estailer
|
0-0: Ball 1-0: Called Strike 1-1: Ball 2-1: Foul Ball, location: 2F 2-2: Strikes out swinging
|
| Top of the 9th over - 1 run, 1 hit, 0 errors, 1 left on base; Eugene 11 - Batavia 3 |
| BOTTOM OF THE 9TH |
|
Batavia Muckdogs batting - Pitching for Eugene Emeralds : RHP Carlos Quintero
|
|
Pitching: RHP Dan Welsh
|
|
|
Now at 2B: Justin Norton
|
|
|
Now in LF: Jon Perez
|
|
|
Now in CF: Chris Mascitti
|
|
|
Batting: RHB Randy Ringel
|
0-0: Ball 1-0: Foul Ball, location: 2F 1-1: Foul Ball, location: 2F 1-2: Ball 2-2: Strikes out swinging
|
|
Batting: RHB Jamal Valentine
|
0-0: Ball 1-0: Ball 2-0: Swinging Strike 2-1: Foul Ball, location: 2F 2-2: Strikes out swinging
|
|
Batting: RHB Nick Kennemer
|
0-0: Called Strike 0-1: Swinging Strike 0-2: Ball 1-2: Strikes out swinging
|
| Bottom of the 9th over - 0 runs, 0 hits, 0 errors, 0 left on base; Eugene 11 - Batavia 3 |
|